 Dungeon Crawl Stone Soup version 0.21.1-1-g345015f (webtiles) character file.

46 theblackcape the Skirmisher (level 3, 0/29 HPs)
             Began as a Demonspawn Chaos Knight on June 4, 2018.
             Slain by an adder (2 damage)
             ... on level 3 of the Dungeon.
             The game lasted 00:08:54 (1267 turns).

theblackcape the Skirmisher (DsCK)                  Turns: 1267, Time: 00:08:55

Health: 0/29       AC:  5    Str: 13    XL:     3   Next: 44%
Magic:  3/3        EV: 11    Int: 13    God:    Xom [....*.]
Gold:   90         SH:  0    Dex: 12    Spells: 2/2 levels left

rFire    . . .     SeeInvis .   a - +0 spear (chaos)
rCold    . . .     Gourm    .   (no shield)
rNeg     + . .     Faith    .   b - +2 leather armour
rPois    .         Spirit   .   (no helmet)
rElec    .         Reflect  .   (no cloak)
rCorr    .         Harm     .   (no gloves)
MR       .....                  (no boots)
Stlth    +.........             (no amulet)
HPRegen  0.09/turn              l - ring of positive energy
MPRegen  0.08/turn              (no ring)

@: lethally poisoned (0 -> -3)
A: rot immunity
a: Renounce Religion


You were on level 3 of the Dungeon.
You worshipped Xom.
You were a beloved toy of Xom.
You were not hungry.

You visited 1 branch of the dungeon, and saw 5 of its levels.

You collected 90 gold pieces.

Inventory:

Hand Weapons
 a - a +0 spear of chaos (weapon)
 d - a +0 blowgun
Missiles
 k - 14 poisoned needles
Armour
 b - a +2 leather armour (worn)
Jewellery
 l - a ring of positive energy (left hand)
Scrolls
 f - a scroll of remove curse
 h - a scroll of magic mapping {unknown}
 i - a scroll of amnesia
Potions
 e - 2 potions of heal wounds
 g - a potion of brilliance
 m - a potion of might
Comestibles
 c - 5 rations


   Skills:
 + Level 3.5 Fighting
 + Level 3.2 Polearms
 + Level 2.0 Armour
 + Level 1.2 Dodging
 + Level 0.8 Stealth


You had 2 spell levels left.
You didn't know any spells.

Dungeon Overview and Level Annotations

Branches:
Dungeon (5/15)
 Temple: D:4-7

Altars:


Innate Abilities, Weirdness & Mutations

You are immune to rotting.


Message History

The adder is moderately wounded.
The adder bites you but does no damage. The adder closely misses you.
You hit the adder. You burn the adder.
The adder is heavily wounded.
The adder bites you.
You miss the adder.
The adder is heavily wounded.
The adder bites you. x2
* * * LOW HITPOINT WARNING * * *
You are poisoned.
The adder poisons you!
You hit the adder.
The adder is poisoned.
The adder is severely wounded.
You feel sick. The adder closely misses you. The adder bites you.
* * * LOW HITPOINT WARNING * * *
You closely miss the adder.
The adder is severely wounded.
The adder bites you.
You die... "Boring in life, boring in death..."

#####.+ .......#[#
#.....# ..[...)#.#
#.....# .......#.#
#..>..# ...(...#.#
#.....# .......#.#####
#.?...# .......'......
#...(.# .......#......
#....S##########......
#....@................
####...##########.....
##### ##..... #...###
#.)<.## ##....#.
#....... #....>.#
#.####..


You could see an adder (berserk).

Vanquished Creatures
  An adder (D:2)
  2 dart slugs
  A leopard gecko (D:2)
  3 orcs (D:3)
  2 giant cockroaches
  2 goblins
  2 hobgoblins (D:1)
  3 jackals (D:1)
  3 kobolds
  A quokka (D:2)
  A ball python (D:1)
  A bat (D:1)
  3 frilled lizards
  4 rats
29 creatures vanquished.

Notes
Turn   | Place    | Note
-------+----------+-------------------------------------------
     0 | D:1      | theblackcape the Demonspawn Chaos Knight began the quest for the Orb.
     0 | D:1      | Reached XP level 1. HP: 18/18 MP: 1/1
    78 | D:1      | XOM: harmless Necr miscast
    79 | D:1      | XOM: harmless Tmut miscast
   106 | D:1      | XOM: silly message
   107 | D:1      | XOM: potion effect (curing)
   125 | D:1      | Gained mutation: You are immune to rotting. [demonic ancestry]
   125 | D:1      | Reached XP level 2. HP: 16/24 MP: 2/2
   211 | D:1      | XOM: silly message
   293 | D:1      | Reached skill level 1 in Dodging
   577 | D:2      | Reached XP level 3. HP: 25/29 MP: 3/3
   792 | D:2      | You fall through a shaft for 2 floors!
   805 | D:5      | Entered Level 5 of the Dungeon
  1057 | D:3      | XOM: medium Pois miscast
  1267 | D:3      | Slain by an adder

Skill      XL: |  1  2 |
---------------+-------+-----
Armour         | 2 |  2.0
Dodging        | 1 |  1.2
Polearms       | 3 |  3.2
Fighting       | |  3.5
Stealth        | |  0.8

Action                   || total
-------------------------++-------
Melee: Spear             ||   102
 Fire: Blowgun           ||     3
  Use: Potion            ||     1
       Scroll            ||     5
 Stab: Confused          ||     1
       Sleeping          ||     1
  Eat: Chunk             ||     1
Armor: Leather armour    ||    29
Dodge: Dodged            ||    59
